 Dungeon Crawl Stone Soup version 0.30-a0-142-g7370640ec8 (webtiles) character file.

Game seed: 12403040044717510434

88 qw the Chopper (level 4, -1/28 HPs)
             Began as a Gargoyle Fighter on Sept 25, 2022.
             Slain by an orc
             ... wielding a +0 falchion
              (6 damage)
             ... on level 3 of the Dungeon.
             The game lasted 00:00:44 (1804 turns).

qw the Chopper (Gargoyle Fighter)                   Turns: 1804, Time: 00:00:45

Health: -1/28      AC: 11    Str: 21    XL:     4   Next: 54%
Magic:  4/4        EV:  9    Int:  9    God:
Gold:   94         SH:  4    Dex:  9    Spells: 3/3 levels left

rFire   . . .      SeeInvis .    Y - +0 war axe
rCold   . . .      Faith    .    c - +0 buckler
rNeg    + . .      Spirit   .    b - +0 scale mail
rPois   inf        Reflect  .    (no helmet)
rElec   +          Harm     .    a - +0 cloak
rCorr   .          Rampage  .    (no gloves)
Will    .....                    (no boots)
Stlth   ..........               (no amulet)
HPRegen 0.09/turn                (no ring)
MPRegen 0.09/turn                (no ring)

@: no status effects
A: sickness immunity, AC +3, negative energy resistance 1, electricity
resistance, torment resistance 1, petrification resistance
a: no special abilities


You were on level 3 of the Dungeon.
You visited 1 branch of the dungeon, and saw 3 of its levels.

You collected 94 gold pieces.


Innate Abilities, Weirdness & Mutations

You are immune to sickness and miasma.
Your stone body is resilient. (AC +3)
You are immune to poison.
You resist negative energy. (rN+)
You are resistant to electric shocks. (rElec)
You are resistant to unholy torment.
You are immune to petrification.


   Skills:
 - Level 3.2 Fighting
 + Level 4.2 Axes
 - Level 3.2 Armour
 - Level 3.2 Shields


You had 3 spell levels left.
You didn't know any spells.
Your spell library was empty.

Inventory:

Hand Weapons
 k - the +11 whip of Saphac {pain, *Noise rC- Str+8 SInv}
   (You found it on level 3 of the Dungeon)

   In the hands of one skilled in necromantic magic, it inflicts extra damage on
   living creatures.
   Str:       It affects your strength (+8).
   rC:        It makes you vulnerable to cold.
   SInv:      It lets you see invisible.
   *Noise:    It may make noises in combat.
 Y - a +0 war axe (weapon)
Missiles
 h - 8 boomerangs (quivered)
Armour
 a - a +0 cloak (worn)
 b - a +0 scale mail (worn)
 c - a +0 buckler (worn)
Jewellery
 i - a ring of protection from cold
Scrolls
 f - a scroll of teleportation {unknown}
 g - a scroll of identify
Potions
 d - 2 potions of might
 e - a potion of magic {unknown}
 j - a potion of haste {unknown}
 l - a potion of mutation {unknown}

Dungeon Overview and Level Annotations

Branches:
Dungeon (3/15)

Altars:
Xom

Shops:
D:1 *


Message History

The ball python constricts you.
You slash the ball python!
You kill the ball python!
You slash the orc!
You kill the orc!
You hit the orc. The orc hits you but does no damage.
You closely miss the orc.
The orc is lightly wounded.
The orc closely misses you.
An orc comes into view. It is wielding a +0 hand axe.
The orc barely misses you. The orc hits you but does no damage.
You barely miss the orc.
The orc is lightly wounded.
You barely miss the orc. The orc barely misses you.
The orc hits you but does no damage.
You barely miss the orc.
The orc is lightly wounded.
You hit the orc but do no damage. The orc hits you but does no damage. x2
You barely miss the orc.
The orc is lightly wounded.
You barely miss the orc. The orc hits you with a +0 falchion.
You block the orc's attack. The orc hits you with a +0 falchion.
The orc hits you but does no damage.
You hit the orc.
The orc is lightly wounded.
You hit the orc. You barely miss the orc. The orc barely misses you.
The orc hits you with a +0 hand axe. You block the orc's attack.
You completely miss the orc.
The orc is almost dead.
You hit the orc. You slash the orc!
You kill the orc!
You block the orc's attack. The orc hits you with a +0 hand axe.
You barely miss the orc.
The orc is almost dead.
You barely miss the orc. The orc hits you with a +0 falchion.
You die...

#.##.#.#........#
...........#####.#
.##.##.#..#.#
#.##.##.#..#.#
..........>#.#
#.#####.##...#
#.#####......#
#.......####.#
#######@# .# #)oo#
.# #...# #...#
#...# #...# $....
.....


You could see 2 orcs.

Vanquished Creatures
  2 adders (D:2)
  5 dart slugs
  3 orcs (D:3)
  4 endoplasms
  2 giant cockroaches
  3 goblins
  6 hobgoblins
  3 jackals (D:1)
  3 kobolds
  2 quokkas
  10 ball pythons
  4 bats
  2 frilled lizards (D:2)
  2 rats
51 creatures vanquished.

Notes
Turn   | Place    | Note
-------+----------+-------------------------------------------
     0 | D:1      | qw the Gargoyle Fighter began the quest for the Orb.
     0 | D:1      | Reached XP level 1. HP: 14/14 MP: 1/1
     0 | D:1      | 0 ||| qw: Version: 0.2-a-10-g399e6c4
     0 | D:1      | 0 ||| qw: Game counter: 418
     0 | D:1      | 0 ||| qw: Always use a shield: true
     0 | D:1      | 0 ||| qw: God list: Okawaru
     0 | D:1      | 0 ||| qw: Allow faded altars: false
     0 | D:1      | 0 ||| qw: Do Orc after D:15 true
     0 | D:1      | 0 ||| qw: Do second Lair branch before Depths: true
     0 | D:1      | 0 ||| qw: Lair rune preference: random
     0 | D:1      | 0 ||| qw: Plans: Normal, Zot:1-4, God:TSO, Crypt, Tomb,
                  | Pan, Slime:5, Hells, Abyss, Orb
     0 | D:1      | 0 ||| PLANNING D:1-11
    51 | D:1      | Reached skill level 2 in Axes
    55 | D:1      | Found Pien's General Store.
    61 | D:1      | 61 ||| SHOPLISTING +0 mace (42 gold, have 0).
    61 | D:1      | 61 ||| SHOPLISTING scarf of resistance (448 gold, have 0).
    61 | D:1      | 61 ||| SHOPLISTING scroll of enchant weapon (105 gold, have
                  | 0).
   177 | D:1      | Reached XP level 2. HP: 19/19 MP: 2/2
   177 | D:1      | 177 ||| Stepping ~*~*~tactically~*~*~ (stealth).
   426 | D:1      | Reached skill level 3 in Axes
   434 | D:1      | 434 ||| Stepping ~*~*~tactically~*~*~ (hiding).
   437 | D:1      | 437 ||| Stepping ~*~*~tactically~*~*~ (hiding).
   445 | D:1      | Reached XP level 3. HP: 23/23 MP: 3/3
   573 | D:1      | 573 ||| Stepping ~*~*~tactically~*~*~ (hiding).
   933 | D:1      | 933 ||| READING scroll labelled NUDOQUN OMPILAAPT.
   964 | D:2      | 964 ||| STAIRDANCE
  1241 | D:2      | Found a shimmering altar of Xom.
  1251 | D:2      | 1251 ||| Stepping ~*~*~tactically~*~*~ (stealth).
  1252 | D:2      | 1252 ||| Stepping ~*~*~tactically~*~*~ (stealth).
  1253 | D:2      | 1253 ||| Stepping ~*~*~tactically~*~*~ (stealth).
  1254 | D:2      | 1254 ||| Stepping ~*~*~tactically~*~*~ (stealth).
  1270 | D:2      | 1270 ||| Stepping ~*~*~tactically~*~*~ (stealth).
  1272 | D:2      | 1272 ||| Stepping ~*~*~tactically~*~*~ (stealth).
  1274 | D:2      | 1274 ||| Stepping ~*~*~tactically~*~*~ (stealth).
  1275 | D:2      | 1275 ||| Stepping ~*~*~tactically~*~*~ (stealth).
  1276 | D:2      | 1276 ||| Stepping ~*~*~tactically~*~*~ (stealth).
  1277 | D:2      | 1277 ||| Stepping ~*~*~tactically~*~*~ (stealth).
  1278 | D:2      | 1278 ||| Stepping ~*~*~tactically~*~*~ (stealth).
  1365 | D:2      | Reached XP level 4. HP: 27/28 MP: 4/4
  1397 | D:2      | 1397 ||| Stepping ~*~*~tactically~*~*~ (stealth).
  1399 | D:2      | 1399 ||| Stepping ~*~*~tactically~*~*~ (hiding).
  1400 | D:2      | 1400 ||| Stepping ~*~*~tactically~*~*~ (hiding).
  1406 | D:2      | Reached skill level 4 in Axes
  1429 | D:2      | 1429 ||| Stepping ~*~*~tactically~*~*~ (stealth).
  1580 | D:2      | Found a faded altar of an unknown god.
  1645 | D:2      | 1645 ||| UPGRADING to +0 cloak.
  1650 | D:2      | 1650 ||| READING 2 scrolls labelled QARENN ALAY.
  1651 | D:2      | 1651 ||| READING scroll labelled OKHLUS ERUAF.
  1652 | D:2      | 1652 ||| READING scroll labelled DUONLULEUS.
  1653 | D:2      | 1653 ||| READING 3 scrolls labelled IZXUSE FARENION.
  1654 | D:2      | 1654 ||| DROPPING 2 scrolls of fear.
  1762 | D:3      | Identified the +11 whip of Saphac {pain, *Noise rC- Str+8
                  | SInv}
  1764 | D:3      | 1764 ||| DROPPING +0 whip.
  1803 | D:3      | HP: 5/28 [orc/+0 hand axe (5)]
  1804 | D:3      | Slain by an orc

Levels and vault maps discovered:
D:1:      lemuel_arrival_rhombus, layout_loops_ring, serial_shops, shop,
          minmay_shallow_snake_nest
D:2:      layout_rooms, basic_altar, dreamdust_ecumenical_altar_statues,
          grunt_ministairs_6, minmay_octomino_j4
D:3:      layout_loops_cross, grunt_temple_overflow_forces_of_nature,
          roderic_lattice_a

Skill      XL: |  1  2  3  4 |
---------------+-------------+-----
Axes           | 2 3 4 |  4.2
Fighting       | |  3.2
Armour         | |  3.2
Shields        | |  3.2

Action                   |  1- 3 |  4- 6 || total
-------------------------+-------+-------++-------
Melee: War axe           |    97 |    38 ||   135
Throw: Boomerang         |     8 |    14 ||    22
  Use: Scroll            |     1 |     4 ||     5
Armor: Scale mail        |    51 |    27 ||    78
Dodge: Dodged            |    43 |    16 ||    59
Block: Buckler           |    15 |    11 ||    26

Table legend:
 A = Non-vault XP
 B = Vault XP
 C = Vault XP percentage of total XP
 D = Non-vault monster count
 E = Vault monster count
 F = Vault count percentage of total count
                 A         B        C        D         E       F
            +---------+---------+-------+---------+---------+-------
      Total |      97 |      30 |  23.6 |      43 |       8 |  15.7
            +---------+---------+-------+---------+---------+-------
        D:1 |      45 |       6 |  11.8 |      21 |       3 |  12.5
        D:2 |      31 |      24 |  43.6 |      11 |       5 |  31.2
        D:3 |      21 |       0 |   0.0 |      11 |       0 |   0.0
            +---------+---------+-------+---------+---------+-------
